 Dungeon Crawl Stone Soup version 0.30-a0-738-g116ff8c4af (webtiles) character file.

Game seed: 8530034952864230144

109 Leeroy the Sneak (level 4, 0/23 HPs)
             Began as a Vine Stalker Warper on Feb 3, 2023.
             Slain by a gnoll
             ... wielding a +0 halberd
              (9 damage)
             ... on level 2 of the Dungeon.
             The game lasted 00:03:13 (1301 turns).

Leeroy the Sneak (Vine Stalker Warper)              Turns: 1301, Time: 00:03:14

Health: 0/23       AC:  4    Str: 14    XL:     4   Next: 89%
Magic:  0/8        EV: 11    Int: 16    God:
Gold:   119        SH:  0    Dex: 15    Spells: 7/7 levels left

rFire   + . .      SeeInvis .    q - +0 long sword
rCold   + . .      Faith    .    (no shield)
rNeg    . . .      Spirit   +    b - +0 leather armour
rPois   .          Reflect  .    o - +0 helmet {Int+3}
rElec   .          Harm     .    j - scarf {rC+ rF+}
rCorr   .          Rampage  .    (no gloves)
Will    .....                    (no boots)
Stlth   +++                      (no amulet)
HPRegen 1.03/turn                (no ring)
MPRegen 0.11/turn                (no ring)

@: no status effects
A: fangs 2, regeneration 1, magic shield, antimagic bite, no potion heal 2
a: no special abilities


You were on level 2 of the Dungeon.
You visited 1 branch of the dungeon, and saw 3 of its levels.

You collected 119 gold pieces.

Inventory:

Hand Weapons
 a - a +0 falchion
 g - a +0 rapier
 q - a +0 long sword (weapon)
Missiles
 d - 3 boomerangs of dispersal (quivered)
Armour
 b - a +0 leather armour (worn)
 j - a scarf of resistance (worn)
 o - a +0 helmet of intelligence (worn)
Scrolls
 e - a scroll of magic mapping {unknown}
 f - a scroll of poison {unknown}
 i - 2 scrolls of immolation {unknown}
 l - a scroll of teleportation {unknown}
 p - 2 scrolls of identify {unknown}
Potions
 h - a potion of might {unknown}
 k - a potion of degeneration {unknown}
 m - a potion of berserk rage {unknown}


   Skills:
 - Level 1.7 Fighting
 - Level 2.7 Long Blades
 - Level 0.8 Throwing
 - Level 0.7 Armour
 - Level 1.5 Dodging
 * Level 4.9 Stealth
 - Level 2.1 Spellcasting
 - Level 3.0 Translocations


You had 7 spell levels left.
You didn't know any spells.
Your spell library contained the following spells:

 Spells                   Type           Power      Damage    Failure   Level
 Apportation              Tloc           22%        N/A       8%          1
 Blink                    Tloc           22%        N/A       12%         2
 Lesser Beckoning         Tloc           22%        N/A       12%         2
 Momentum Strike          Conj/Tloc      12%        3d8       22%         2
 Teleport Other           Tloc           11%        N/A       22%         3
 Necrotise                Necr           4%         1d4       26%         1
 Summon Small Mammal      Summ           4%         N/A       26%         1
 Vhi's Electric Charge    Tloc/Air       12%        N/A       38%         3
 Manifold Assault         Tloc           11%        N/A       58%         4
 Passage of Golubria      Tloc           11%        N/A       58%         4
 Tukima's Dance           Hex            1%         N/A       61%         3
 Alistair's Intoxication  Tmut/Pois      0%         N/A       100%        5
 Yara's Violent Unravell  Hex/Tmut       0%         3d3       100%        5


Dungeon Overview and Level Annotations

Branches:
Dungeon (3/15)

Altars:

Shops:
D:1 [=((

Annotations:
D:3 Terence


Innate Abilities, Weirdness & Mutations

You have extremely sharp teeth.
Your natural rate of healing is unusually fast.
When hurt, damage is shared between your health and your magic reserves.
Your bite disrupts and absorbs the magic of your enemies.
Potions cannot restore your health.


Message History

You are too injured to fight recklessly!
The endoplasm quivers.
You slash the endoplasm!
You kill the endoplasm!
A gnoll comes into view. It is wielding a +0 whip.
You start resting.
Magic restored.
HP restored.
p - 2 scrolls labelled VIYSOMMEIJELU (gained 1)
A gnoll comes into view. It is wielding a +0 whip.
The gnoll moves out of view.
A gnoll is nearby!
A gnoll is nearby!
Found a long sword.
A gnoll comes into view. It is wielding a +0 halberd.
The gnoll shouts!
You hear a shout! x2
A gnoll comes into view. It is wielding a +0 spear.
The gnoll shouts!
The gnoll barely misses you.
You slash the gnoll! Your bite misses the gnoll.
The gnoll is heavily wounded.
The gnoll closely misses you. x2; The gnoll hits you with a +0 whip.
The gnoll barely misses you.
The gnoll hits you from afar with a +0 spear.
You hit the gnoll. Your bite misses the gnoll.
The gnoll is almost dead.
The gnoll barely misses you.
The gnoll hits you from afar with a +0 spear!
The gnoll hits you from afar with a +0 halberd.
* * * LOW HITPOINT WARNING * * *
The gnoll hits you with a +0 whip.
* * * LOW HITPOINT WARNING * * *
You hit the gnoll.
You kill the gnoll!
The gnoll barely misses you.
You slash the gnoll! Your bite misses the gnoll.
The gnoll is severely wounded.
The gnoll hits you from afar with a +0 spear.
The gnoll misses you.
The gnoll hits you from afar with a +0 halberd!
You die...

.. #..##.#......## ## #.
##.##...####... ..##.##
#........#.##.
.....####....#.......
#.#).###......#....#
#....#.............#
....#....#.#............
....#......#...###......
.......@#.............[.
....#...g...............
. #..g#g.........#....
#...#..........#....
#...รท..........##...
#..............#####
##.#...........# #
#.#......##...#####
#.#...<...#.#.. ...


You could see 3 gnolls.

Vanquished Creatures
  A hound (D:3)
  Robin (D:3)
  A gnoll (D:2)
  An adder (D:2)
  An ufetubus (D:3)
  A worm (D:2)
  A dart slug (D:1)
  An orc (D:3)
  An endoplasm (D:2)
  8 goblins
  7 hobgoblins
  A quokka (D:2)
  7 bats
  4 kobolds
  3 rats (D:1)
39 creatures vanquished.

Notes
Turn   | Place    | Note
-------+----------+-------------------------------------------
     0 | D:1      | Leeroy the Vine Stalker Warper began the quest for the Orb.
     0 | D:1      | Reached XP level 1. HP: 11/11 MP: 4/4
   109 | D:1      | Found Zuhuogeq's Weapon Boutique.
   155 | D:1      | Found Ubekk's Antique Weapon Emporium.
   162 | D:1      | Reached XP level 2. HP: 15/15 MP: 6/6
   217 | D:1      | Found Qyjig's Jewellery Emporium.
   516 | D:1      | Reached skill level 1 in Stealth
   558 | D:1      | Found Wytuj's Antique Armour Boutique.
   785 | D:2      | Reached XP level 3. HP: 15/18 MP: 7/7
   910 | D:2      | Reached skill level 2 in Stealth
   958 | D:3      | Noticed Robin
  1046 | D:3      | Reached skill level 3 in Stealth
  1054 | D:3      | Killed Robin
  1056 | D:3      | Gained mutation: Your natural rate of healing is unusually
                  | fast. [Vine Stalker growth]
  1056 | D:3      | Reached XP level 4. HP: 15/23 MP: 8/8
  1181 | D:3      | Reached skill level 4 in Stealth
  1201 | D:3      | Noticed Terence
  1301 | D:2      | Slain by a gnoll

Illustrated notes

Levels and vault maps discovered:
D:1:      lightli_arrival_statue_moat, layout_rooms, serial_shops,
          nicolae_diamond_shop, nicolae_shop_statue_plus,
          nicolae_shop_window_shopping, shop, interstate_on_off
D:2:      layout_rooms
D:3:      layout_basic, uniq_robin, uniq_jessica, uniq_pargi, uniq_terence

Skill      XL: |  1  2  3  4 |
---------------+-------------+-----
Long Blades    | 2 |  2.7
Stealth        | 1 3 4 |  4.9
Fighting       | |  1.7
Throwing       | |  0.8
Armour         | |  0.7
Dodging        | |  1.5
Spellcasting   | |  2.1
Translocations | |  3.0

Action                     |  1- 3 |  4- 6 || total
---------------------------+-------+-------++-------
  Melee: Falchion          |    43 |    28 ||    71
         Bite              |    22 |     3 ||    25
         Rapier            |    40 |       ||    40
         Punch             |     1 |       ||     1
         Long sword        |       |     7 ||     7
  Throw: Boomerang         |       |     4 ||     4
    Use: Scroll            |     1 |     1 ||     2
         Potion            |     1 |     1 ||     2
   Stab: Sleeping          |     1 |     2 ||     3
 Armour: Leather armour    |    18 |    21 ||    39
  Dodge: Dodged            |    60 |    51 ||   111

Table legend: (Time is in decaauts)
 A = Elapsed time spent in this place.
 B = Non-inter-level travel time spent in this place.
 C = Inter-level travel time spent in this place.
 D = Time resting spent in this place.
 E = Time spent auto-exploring this place.
 F = Levels seen in this place.
 G = Mean time per level.
                   A        B        C        D        E       F      G
               +--------+--------+--------+--------+--------+-----+--------+
         Total |   1319 |   1233 |     86 |      5 |    831 |   3 |  439.7 |
       Dungeon |   1319 |   1233 |     86 |      5 |    831 |   3 |  439.7 |
               +--------+--------+--------+--------+--------+-----+--------+

Top non-repeatable levels by time:
     D:1: 756 daAuts
     D:3: 295 daAuts
     D:2: 267 daAuts
